 Dungeon Crawl Stone Soup version 0.27-a0-1590-g15f69828bf (webtiles) character file.

Game seed: 6622060024373112059

483 Sin92 the Skirmisher (level 6, -3/49 HPs)
             Began as a Demonspawn Fighter on July 18, 2021.
             Killed by divine providence
             ... invoked by an orc priest
              (12 damage)
             ... on level 5 of the Dungeon.
             The game lasted 00:04:05 (3842 turns).

Sin92 the Skirmisher (Demonspawn Fighter)           Turns: 3842, Time: 00:04:05

Health: -3/49      AC: 12    Str: 17    XL:     6   Next: 87%
Magic:  6/6        EV:  8    Int: 10    God:
Gold:   211        SH: 10    Dex: 13    Spells: 5/5 levels left

rFire    . . .     SeeInvis .   a - +0 trident
rCold    + . .     Faith    .   c - +1 kite shield
rNeg     . . .     Spirit   .   p - +2 scale mail {rC+}
rPois    +         Reflect  .   (no helmet)
rElec    .         Harm     .   (no cloak)
rCorr    .         Rampage  .   j - +0 pair of gloves
Will     +....                  (no boots)
Stlth    ..........             (no amulet)
HPRegen  1.16/turn              e - ring of willpower
MPRegen  0.10/turn              m - ring of poison resistance

@: no status effects
A: yellow scales 1, powered by death 1, spiny 2
a: no special abilities


You were on level 5 of the Dungeon.
You visited 1 branch of the dungeon, and saw 5 of its levels.

You collected 211 gold pieces.

Inventory:

Hand Weapons
 a - a +0 trident (weapon)
Armour
 b - a +0 scale mail
 c - a +1 kite shield (worn)
 j - a +0 pair of gloves (worn)
 p - a +2 scale mail of cold resistance (worn)
Jewellery
 e - a ring of willpower (left hand)
 m - a ring of poison resistance (right hand)
 r - a ring of resist corrosion
Scrolls
 g - 3 scrolls of noise
 k - a scroll of fear
 n - a scroll of blinking
 s - 3 scrolls of identify
Potions
 d - a potion of might
 f - a potion of mutation {unknown}
 h - a potion of flight
 i - a potion of curing
 l - 2 potions of brilliance {unknown}
 o - a potion of lignification {unknown}
 q - 3 potions of heal wounds {unknown}
 t - a potion of ambrosia {unknown}


   Skills:
 + Level 4.3 Fighting
 + Level 3.4 Polearms
 + Level 3.9 Armour
 + Level 2.6 Dodging
 + Level 4.0 Shields


You had 5 spell levels left.
You didn't know any spells.
Your spell library was empty.

Dungeon Overview and Level Annotations

Branches:
Dungeon (5/15)
 Temple: D:4-7

Altars:
Cheibriados
Trog

Annotations:
D:4 3 runed translucent doors, Zonian's ghost, novice VSCj


Innate Abilities, Weirdness & Mutations

You are partially covered in yellow scales. (AC +2)
You regenerate a little health from kills.
You are mostly covered in sharp spines.


Message History

You kill the iguana!
Your Shields skill increases to level 4!
Reach: a) +0 trident
Press: ? - help, Dir - move target, f - orc
Aim: an orc, wielding a +0 hand axe (about 43% to evade your +0 trident)
You reach to attack!
You closely miss the orc. You closely miss the orc. You block the orc's attack.
You hit the orc.
The orc is heavily wounded.
You block the orc's attack.
The orc priest calls upon Beogh to heal the orc.
The orc's wounds heal themselves!
Reach: a) +0 trident
Press: ? - help, Dir - move target, f - orc priest, p - orc
Aim: an orc priest, wielding a +0 mace (about 41% to evade your +0 trident)
You reach to attack!
You closely miss the orc priest. The orc hits you but does no damage.
The orc priest invokes the aid of Beogh against you.
Beogh smites you! You block the orc's attack.
You barely miss the orc. The orc hits you with a +0 hand axe.
* * * LOW HITPOINT WARNING * * *
You closely miss the orc. The orc closely misses you.
The orc hits you with a +0 hand axe.
* * * LOW HITPOINT WARNING * * *
You hit the orc.
The orc is moderately wounded.
The orc is struck by your spines.
You kill the orc!
Unknown command.
You block the orc priest's attack.
The orc priest looks encouraged for a moment.
Things that are here:
a +0 hand axe; an iguana corpse You barely miss the orc priest.
The orc priest hits you with a +0 mace.
* * * LOW HITPOINT WARNING * * *
You hit the orc priest.
The orc priest is moderately wounded.
The orc priest mumbles some strange prayers to Beogh against you.
Beogh smites you!
You die...

## ###### .. .... . ####
#.## .##### .
...#####..######.....##..
.........................
.....##.......?####.....#
####.##.....##..@oOo.../#
# #.#####..######o.....#
# #.# ##..# #...... # #.#
#[... ...... # #.#
###.#.. ..... # #.# .# .#
##... # #.# .. # #.. #
#.## ## #. ####..###


You could see an ogre, 2 orc priests and an orc.

Vanquished Creatures
  A necrophage (D:4)
  An ogre (D:4)
  A kobold brigand (D:4)
  2 hounds
  2 iguanas
  A hound skeleton (D:4)
  3 adders
  An adder skeleton (D:4)
  5 worms
  3 dart slugs
  4 orcs
  3 ball pythons
  7 bats (D:1)
  6 endoplasms
  5 giant cockroaches
  4 hobgoblins
  4 jackals (D:1)
  8 kobolds
  A quokka (D:2)
  4 frilled lizards
  9 goblins
  4 rats
79 creatures vanquished.

Vanquished Creatures (others)
  A fungus (D:1)
1 creature vanquished.

Grand Total: 80 creatures vanquished

Notes
Turn   | Place    | Note
-------+----------+-------------------------------------------
     0 | D:1      | Sin92 the Demonspawn Fighter began the quest for the Orb.
     0 | D:1      | Reached XP level 1. HP: 18/18 MP: 1/1
   152 | D:1      | Gained mutation: You are partially covered in yellow
                  | scales. (AC +2) [demonic ancestry]
   152 | D:1      | Reached XP level 2. HP: 24/24 MP: 2/2
   671 | D:1      | Gained mutation: You regenerate a little health from kills.
                  | [demonic ancestry]
   671 | D:1      | Reached XP level 3. HP: 28/29 MP: 3/3
   788 | D:1      | Found a faded altar of an unknown god.
   887 | D:1      | Reached skill level 1 in Dodging
  1488 | D:2      | Gained mutation: You are partially covered in sharp spines.
                  | [demonic ancestry]
  1488 | D:2      | Reached XP level 4. HP: 18/35 MP: 4/4
  1655 | D:2      | Found a bloodstained altar of Trog.
  2358 | D:3      | Found a snail-covered altar of Cheibriados.
  2987 | D:4      | Noticed a necrophage
  2995 | D:4      | Killed a necrophage
  2996 | D:4      | Gained mutation: You are mostly covered in sharp spines.
                  | [demonic ancestry]
  2996 | D:4      | Reached XP level 5. HP: 38/42 MP: 5/5
  3140 | D:4      | Reached XP level 6. HP: 43/48 MP: 6/6
  3170 | D:4      | Found a runed translucent gate.
  3170 | D:4      | Found a runed translucent gate.
  3170 | D:4      | Found a runed translucent gate.
  3171 | D:4      | Noticed Zonian's ghost (novice VSCj)
  3489 | D:4      | Identified the +1 ring mail of Nimytug {Will+}
  3713 | D:5      | Entered Level 5 of the Dungeon
  3842 | D:5      | Killed from afar by an orc priest

Illustrated notes

Levels and vault maps discovered:
D:1:      minmay_arrival_up_and_down, layout_basic,
          dreamdust_ecumenical_altar_hidden_monk_grotto
D:2:      layout_rooms, basic_altar, grunt_decor_resistance,
          roderic_serpentine_path
D:3:      layout_basic, cheibrodos_worm_habitat, item_on_display_a
D:4:      layout_rooms, gammafunk_ghost_necromancy
D:5:      layout_rooms, riverfiend_overflow_shadow_ancestor

Skill      XL: |  1  2  3  4  5  6 |
---------------+-------------------+-----
Polearms       | 2 3 |  3.4
Armour         | 3 |  3.9
Dodging        | 1 2 |  2.6
Shields        | 3 4 |  4.0
Fighting       | 4 |  4.3

Action                   |  1- 3 |  4- 6 || total
-------------------------+-------+-------++-------
Melee: Trident           |   127 |   129 ||   256
  Use: Scroll            |     3 |     4 ||     7
Armor: Scale mail        |    66 |    49 ||   115
Dodge: Dodged            |    39 |    24 ||    63
Block: Kite shield       |    42 |    43 ||    85

Table legend: (Time is in decaauts)
 A = Elapsed time spent in this place.
 B = Non-inter-level travel time spent in this place.
 C = Inter-level travel time spent in this place.
 D = Time resting spent in this place.
 E = Time spent auto-exploring this place.
 F = Levels seen in this place.
 G = Mean time per level.
                   A        B        C        D        E       F      G
               +--------+--------+--------+--------+--------+-----+--------+
         Total |   3964 |   3796 |    168 |      0 |   3168 |   5 |  792.8 |
       Dungeon |   3964 |   3796 |    168 |      0 |   3168 |   5 |  792.8 |
               +--------+--------+--------+--------+--------+-----+--------+

Top non-repeatable levels by time:
     D:1: 1133 daAuts
     D:3: 1015 daAuts
     D:2: 927 daAuts
     D:4: 752 daAuts
     D:5: 136 daAuts
